 Dungeon Crawl Stone Soup version 0.20-a0-1025-g4706f7e (webtiles) character file.

38 Hook the Twirler (level 3, 0/23 HPs)
             Began as a Gargoyle Gladiator on Apr 19, 2017.
             Slain by a gnoll
             ... wielding a +0 flail
              (2 damage)
             ... on level 1 of the Dungeon.
             The game lasted 00:03:36 (1202 turns).

Hook the Twirler (Gargoyle Gladiator)               Turns: 1202, Time: 00:03:36

Health: 0/23       AC:  7    Str: 18    XL:     3   Next: 43%
Magic:  3/3        EV: 12    Int:  8    God:
Gold:   47         SH:  0    Dex: 11    Spells: 2/2 levels left

rFire    . . .     SeeInvis .   a - +0 quarterstaff
rCold    . . .     Gourm    .   (shield currently unavailable)
rNeg     + . .     Faith    .   b - +0 leather armour
rPois    ∞         Spirit   .   c - +0 helmet
rElec    +         Reflect  .   (no cloak)
rCorr    .         Harm     .   (no gloves)
MR       .....                  (no boots)
Stlth    +.........             (no amulet)
Regen    0.1/turn               (no ring)
MPRegen  0.1/turn               (no ring)

@: no status effects
A: negative energy resistance 1, electricity resistance, unbreathing,
petrification resistance, rot immunity, AC +3
a: no special abilities


You were on level 1 of the Dungeon.
You were hungry.

You visited 1 branch of the dungeon, and saw 2 of its levels.

You collected 47 gold pieces.

Inventory:

Hand Weapons
 a - a +0 quarterstaff (weapon)
Missiles
 d - 3 throwing nets (quivered)
 i - 8 silver tomahawks
Armour
 b - a +0 leather armour (worn)
 c - a +0 helmet (worn)
Scrolls
 h - a scroll of identify {unknown}
 k - a scroll of blinking {unknown}
 l - a scroll of remove curse {unknown}
Potions
 e - a potion of degeneration {unknown}
 g - a potion of might {unknown}
 j - a potion of berserk rage {unknown}
 m - a potion of heal wounds {unknown}
Comestibles
 f - a bread ration


   Skills:
 * Level 3.1 Fighting
 * Level 3.8 Staves
 - Level 1.7 Throwing
 + Level 2.5 Dodging


You had 2 spell levels left.
You didn't know any spells.

Dungeon Overview and Level Annotations

Branches:
Dungeon (2/15)

Altars:


Innate Abilities, Weirdness & Mutations

You are resistant to torment.
Your stone body is resilient. (AC +3)
You are immune to poison.
You resist negative energy. (rN+)
You are resistant to electric shocks. (rElec)
You can survive without breathing.
You are immune to petrification.
You are immune to rotting.


Message History

The gnoll hits you from afar with a spear.
* * * LOW HITPOINT WARNING * * *
You barely miss the gnoll.
The gnoll is heavily wounded.
The gnoll hits you but does no damage. The gnoll barely misses you.
The gnoll barely misses you.
There is a stone staircase leading up here.
You climb upwards.
There is a stone staircase leading down here.
You closely miss the gnoll.
The gnoll is heavily wounded.
The gnoll barely misses you.
You barely miss the gnoll.
The gnoll is heavily wounded.
The gnoll hits you with a flail.
* * * LOW HITPOINT WARNING * * *
You hit the gnoll.
The gnoll is heavily wounded.
The gnoll hits you with a flail.
You die...

#.#########.#...##..#.##.#..#....
#.#.............##..#.##.#.......
#.#.#######.#..###.......#.......
#.#.#######.#..####.#............
#.#..............................
#.#.................#..#.........
#...................#..#.#.......
..........###..##g###..#.#...#...
.####...........@.........#..#...
.# #.###.###.###.###..#.##.##.#.
.# #.......>.....# #..#.##.##.#.
.# #.###.###)#######..#.##.##.#.
.# #.# #.# #...............##...
.####.###.###.##########.##.##.#.
.................................
#########.###...............##.#.
#.# #.##########.#######.


You could see a gnoll.

Vanquished Creatures
  A gnoll (D:1)
  2 dart slugs (D:1)
  4 bats (D:1)
  A giant cockroach (D:1)
  3 hobgoblins (D:1)
  3 jackals (D:1)
  A kobold (D:1)
  4 goblins (D:1)
  4 rats (D:1)
23 creatures vanquished.

Notes
Turn   | Place    | Note
-------+----------+-------------------------------------------
     0 | D:1      | Hook the Gargoyle Gladiator began the quest for the Orb.
     0 | D:1      | Reached XP level 1. HP: 12/12 MP: 1/1
   124 | D:1      | Reached XP level 2. HP: 13/18 MP: 2/2
   722 | D:1      | Reached XP level 3. HP: 20/22 MP: 3/3
  1202 | D:1      | Slain by a gnoll

Vault maps used:
D:1:      dpeg_arrival_lava_temple_mockup

Skill      XL: |  1  2  3 |
---------------+----------+-----
Fighting       | 3 |  3.1
Staves         | |  3.8
Throwing       | |  1.7
Dodging        | |  2.5

Action                   || total
-------------------------++-------
Melee: Quarterstaff      ||    69
Armor: Leather armour    ||    19
Dodge: Dodged            ||    56
